 Dungeon Crawl Stone Soup version 0.28-a0-863-g8cecda6153 (webtiles) character file.

Game seed: 12161753509171209190

527 sanka the Chopper (level 7, -1/55 HPs)
             Began as a Palentonga Abyssal Knight on Nov 17, 2021.
             Was a Priest of Lugonu.
             Succumbed to a water moccasin's poison
             ... on level 4 of the Dungeon.
             The game lasted 00:04:56 (4383 turns).

sanka the Chopper (Palentonga Abyssal Knight)       Turns: 4383, Time: 00:04:56

Health: -1/55      AC:  5    Str: 18    XL:     7   Next: 2%
Magic:  0/11       EV:  9    Int: 11    God:    Lugonu [***...]
Gold:   118        SH:  0    Dex: 10    Spells: 6/6 levels left

rFire   . . .      SeeInvis +   a - +2 hand axe (vamp)
rCold   . . .      Faith    .   (no shield)
rNeg    . . .      Spirit   +   q - +0 leather armour
rPois   .          Reflect  .   (no helmet)
rElec   .          Harm     .   d - +0 cloak
rCorr   .          Rampage  .   (no gloves)
Will    .....                   (no barding)
Stlth   +.........              m - amulet of guardian spirit
HPRegen 0.18/turn               j - ring of flight
MPRegen 0.12/turn               (no ring)

@: mighty, lethally poisoned (-1 -> -12), flying, hasted, very quick
A: large, rugged brown scales 3, see invisible, deformed body, roll 1, armoured
tail, reflexive curl
a: Rolling Charge, Renounce Religion, Depart the Abyss, Bend Space, Banish


You were on level 4 of the Dungeon.
You worshipped Lugonu.
Lugonu was most pleased with you.
You visited 1 branch of the dungeon, and saw 4 of its levels.
You visited the Abyss 1 time.
You also visited: Sewer.

You collected 118 gold pieces.


Innate Abilities, Weirdness & Mutations

You are completely covered in rugged brown scales. (AC +3, +7% HP)
You have supernaturally acute eyesight. (SInv)
Armour fits poorly on your strangely shaped body.
You can roll at nearby foes to attack.
You have a long armoured tail.
You curl defensively after being hit. (AC +7*)


   Skills:
 - Level 3.0 Fighting
 - Level 6.0 Axes
 - Level 1.5 Armour
 - Level 0.7 Dodging
 + Level 5.5 Invocations


You had 6 spell levels left.
You didn't know any spells.
Your spell library contained the following spells:

 Spells                   Type           Power      Damage    Failure   Level
 Beastly Appendage        Tmut           0%         N/A       38%         1
 Wereblood                Tmut           0%         N/A       54%         2
 Spider Form              Tmut/Pois      0%         N/A       77%         3

Inventory:

Hand Weapons
 a - a +2 vampiric hand axe (weapon)
 b - a +0 war axe
 o - a +1 short sword of draining
 p - a +1 hand axe
Armour
 d - a +0 cloak (worn)
 q - a +0 leather armour (worn)
Magical Staves
 k - a staff of poison
 n - a staff of air
Jewellery
 f - a ring of wizardry
 j - a ring of flight (left hand)
 m - an amulet of guardian spirit (around neck)
Scrolls
 c - 2 scrolls of amnesia {unknown}
 e - 2 scrolls of fog {unknown}
 g - 2 scrolls of blinking {unknown}
 h - 4 scrolls of identify {unknown}
 l - a scroll of noise {unknown}
 r - a scroll of brand weapon {unknown}
 s - a scroll of enchant weapon {unknown}
 t - a scroll of enchant armour {unknown}
 u - a scroll of immolation {unknown}
 y - a scroll of magic mapping {unknown}
 A - a scroll of teleportation {unknown}
 C - a scroll of summoning {unknown}
Potions
 i - 2 potions of might
 v - 2 potions of magic {unknown}
 w - 2 potions of mutation {unknown}
 x - a potion of brilliance {unknown}
 z - a potion of heal wounds {unknown}
 B - 2 potions of haste {@q3}
 D - a potion of lignification {unknown}

Dungeon Overview and Level Annotations

Branches:
Dungeon (4/15)              Sewer (visited)
 Temple: D:4-7

Altars:

▒▒▒ ▒.▒
▒▒....▒ ...
.▒ ▒.....▒
▒▒▒ ▒
▒....▒▒
▒....▒ ▒▒
▒..▒▒▒
.......▒
▒.▒▒▒▒▒▒▒▒+▒
.......▒
▒...........
(......▒
▒...........
.......▒
▒..SH†......
.......▒
▒▒▒▒K▒▒▒▒▒▒▒
.......▒


gZ. .......▒ ..... .......▒ ....... .......▒ ▒.......▒ ≈≈≈≈▒▒.▒ ▒.......▒
≈≈≈≈▒▒.▒▒ ▒▒.:...▒▒ ....≈≈... You could see a water moccasin, an adder zombie, a
goblin and a kobold.


Message History

The water moccasin is severely wounded.
You hit the adder. You hit the adder.
You kill the adder!
Lugonu accepts your kill.
* * * LOW HITPOINT WARNING * * *
You feel very sick. The water moccasin closely misses you.
The adder bites you but does no damage.
You have reached level 7!
You now curl defensively after being hit.
You hit the adder.
You kill the adder!
Lugonu accepts your kill.
You hit the water moccasin.
* * * LOW HITPOINT WARNING * * *
You feel very sick. The water moccasin bites you.
* * * LOW HITPOINT WARNING * * *
Unknown command.
It was a potion of haste.
You feel yourself speed up.
* * * LOW HITPOINT WARNING * * *
You feel very sick. The water moccasin barely misses you.
The kobold hits you with a +0 club.
The water moccasin bites you but does no damage.
It was a potion of might.
You feel very mighty all of a sudden.
You die...

Action                   |  1- 3 |  4- 6 |  7- 9 || total
-------------------------+-------+-------+-------++-------
Melee: Hand axe          |   103 |   164 |     1 ||   268
       Tailslap          |     7 |    12 |       ||    19
       War axe           |       |    13 |       ||    13
  Use: Potion            |       |       |     2 ||     2
Armor: Leather armour    |    50 |    80 |     1 ||   131
Dodge: Dodged            |    49 |   110 |     1 ||   160

Levels and vault maps discovered:
D:1:      grunt_arrival_crossed_arrows, layout_loops_ring,
          hellmonk_ecumenical_altar_heavens_door
D:2:      minmay_spotlight, layout_basic
D:3:      layout_basic
D:4:      minmay_opposing_rooms, layout_basic, elyvilon_altar_5,
          cheibrodos_sewer_entry_sluice

Notes
Turn   | Place    | Note
-------+----------+-------------------------------------------
     0 | Abyss:1  | sanka the Palentonga Abyssal Knight began the quest for the
                  | Orb.
     0 | Abyss:1  | Reached XP level 1. HP: 19/19 MP: 2/2
    12 | D:1      | Escaped the Abyss
   491 | D:1      | Found a faded altar of an unknown god.
   597 | D:1      | Reached XP level 2. HP: 25/25 MP: 3/3
   858 | D:2      | Reached skill level 3 in Axes
  1121 | D:2      | Reached XP level 3. HP: 31/31 MP: 4/4
  1594 | D:2      | Reached ** piety under Lugonu
  1914 | D:2      | Reached skill level 4 in Axes
  2271 | D:3      | Reached XP level 4. HP: 16/37 MP: 5/5
  3221 | D:4      | Found a glowing drain.
  3231 | Sewer    | Entered a sewer
  3401 | Sewer    | Reached skill level 5 in Axes
  3405 | Sewer    | Reached *** piety under Lugonu
  3496 | Sewer    | Reached XP level 5. HP: 31/43 MP: 4/6
  3627 | Sewer    | Reached skill level 6 in Axes
  3628 | Sewer    | Reached skill level 3 in Invocations
  3628 | Sewer    | Reached XP level 6. HP: 15/50 MP: 3/8
  3867 | D:4      | Reached skill level 4 in Invocations
  4084 | D:4      | Reached skill level 5 in Invocations
  4353 | D:4      | Noticed a water moccasin
  4381 | D:4      | Gained mutation: You curl defensively after being hit. (AC
                  | +7*) [Palentonga growth]
  4381 | D:4      | Reached XP level 7. HP: 11/55 MP: 1/11
  4381 | D:4      | HP: 4/55 [water moccasin (4)]
  4382 | D:4      | HP: 1/55 [poisoned by a water moccasin]
  4383 | D:4      | Succumbed to a water moccasin's poison

Vanquished Creatures
  A phantom (D:4)
  2 bullfrogs (Sewer)
  A hound (D:4)
  An orc priest (D:4)
  A hound skeleton (D:4)
  10 adders
  6 river rats (Sewer)
  2 worms
  A dart slug (D:2)
  8 orcs
  11 bats
  7 endoplasms
  A giant cockroach (D:1)
  A goblin (D:3)
  6 hobgoblins
  5 kobolds
  2 quokkas
  16 ball pythons
  5 frilled lizards
  27 rats
114 creatures vanquished.
